 Dungeon Crawl Stone Soup version 0.28-a0-1182-g381e24db82 (webtiles) character file.

Game seed: 3388657365968657365

11794 bearlyready the Devastator (level 11, -7/91 HPs)
             Began as a Red Draconian Conjurer on Dec 17, 2021.
             Was an Initiate of Gozag.
             Mangled by a cane toad (21 damage)
             ... on level 3 of the Lair of Beasts.
             The game lasted 00:38:16 (18244 turns).

bearlyready the Devastator (DrCj)                  Turns: 18244, Time: 00:38:17

Health: -7/91      AC: 10    Str:  9    XL:     11   Next: 54%
Magic:  15/15      EV:  9    Int: 23    God:    Gozag
Gold:   1535       SH:  7    Dex: 13    Spells: 9/16 levels left

rFire   + + .      SeeInvis +   n - +2 whip (vamp)
rCold   + + .      Faith    .   L - +0 kite shield
rNeg    . . .      Spirit   .   (armour unavailable)
rPois   .          Reflect  .   (helmet restricted)
rElec   .          Harm     .   j - +0 cloak
rCorr   .          Rampage  .   a - +1 pair of gloves
Will    +....                   (no boots)
Stlth   ++........              b - amulet of magic regeneration
HPRegen 0.25/turn               C - ring "Qafi Baq" {rF+ rC++ Dex+3 SInv}
MPRegen 0.54/turn               (no ring)

@: lethally poisoned (-7 -> -8), weak-willed, on berserk cooldown, slowed, very
slow
A: breathe fire, AC +7, unfitting armour, fire resistance 1, cold-blooded, claws
1, hooves 1, strong-willed 2
a: Breathe Fire, Renounce Religion, Potion Petition, Call Merchant, Bribe Branch


You were on level 3 of the Lair of Beasts.
You worshipped Gozag.
Gozag was most pleased with you.
You visited 2 branches of the dungeon, and saw 15 of its levels.

You collected 1946 gold pieces.
You paid 411 gold pieces to Gozag.

Inventory:

Hand Weapons
 c - a +0 dagger
 h - the +6 mace of Hepliaklqana {vorpal, Dex+4}
   (You found it on level 6 of the Dungeon)

   It inflicts extra damage upon your enemies.
   Dex:       It affects your dexterity (+4).
 k - a +0 lajatang
 m - a +4 scimitar of flaming
 n - a +2 vampiric whip (weapon)
 B - a +5 trident
Missiles
 d - 59 poisoned darts
 r - 8 boomerangs
 M - 2 throwing nets (quivered)
Armour
 a - a +1 pair of gloves (worn)
 f - a scarf of invisibility
 j - a +0 cloak (worn)
 L - a +0 kite shield (worn)
Magical Staves
 l - a staff of air
Jewellery
 b - an amulet of magic regeneration (around neck)
 y - an amulet of guardian spirit
 C - the ring "Qafi Baq" (left hand) {rF+ rC++ Dex+3 SInv}
   (You took it off an orc warrior on level 9 of the Dungeon)

   [ring of see invisible]

   Dex:       It affects your dexterity (+3).
   rF:        It protects you from fire.
   rC:        It greatly protects you from cold.
   SInv:      It lets you see invisible.
Wands
 z - a wand of flame (16)
 G - a wand of iceblast (7)
 K - a wand of digging (9)
Scrolls
 i - 2 scrolls of amnesia
 p - 2 scrolls of identify
 t - 2 scrolls of noise
 v - a scroll of holy word
 x - a scroll of torment
 E - a scroll of fog
 I - 2 scrolls of enchant armour
 J - 2 scrolls of magic mapping
Potions
 e - a potion of might
 o - a potion of ambrosia {unknown}
 q - a potion of lignification {unknown}
 s - 2 potions of flight
 u - 2 potions of attraction {unknown}
 w - 2 potions of haste {unknown}
 F - a potion of resistance {unknown}
 H - 2 potions of degeneration {unknown}
Miscellaneous
 g - a phial of floods


   Skills:
 + Level 6.6 Fighting
 + Level 2.8 Dodging
 - Level 1.7 Stealth
 + Level 0.6 Shields
 + Level 3.0 Spellcasting
 - Level 15.0 Conjurations
 - Level 7.0 Hexes
 - Level 4.0 Evocations


You had 9 spell levels left.
You knew the following spells:

 Your Spells              Type           Power      Damage    Failure   Level
a - Magic Dart            Conj           100%       1d8       1%          1
b - Searing Ray           Conj           100%       2d8       1%          2
c - Fulminant Prism       Conj/Hex       26%        3d14      8%          4

Your spell library contained the following spells:

 Spells                   Type           Power      Damage    Failure   Level
 Dazzling Flash           Conj/Hex       100%       N/A       2%          3
 Iskenderun's Mystic Bla  Conj/Tloc      38%        2d9       32%         4
 Blink                    Tloc           6%         N/A       73%         2
 Frozen Ramparts          Ice            6%         1d2       91%         3
 Ice Form                 Ice/Tmut       3%         N/A       100%        4
 Summon Ice Beast         Ice/Summ       3%         N/A       100%        4
 Manifold Assault         Tloc           3%         N/A       100%        5
 Storm Form               Tmut/Air       1%         N/A       100%        7


Dungeon Overview and Level Annotations

Branches:
Dungeon (12/15)            Temple (0/1) D:6            Lair (3/6) D:8
 Spider (0/4) Lair:3
  Swamp: Lair:2-4    Shoals: Lair:2-4       Orc: D:9-12

Altars:
Ashenzari
Cheibriados
Dithmenos
Elyvilon
Gozag
Makhleb
Okawaru
Ru
Uskayaw
Vehumet
Xom
Zin
The Shining One

Shops:
D:9 (


Innate Abilities, Weirdness & Mutations

You can breathe blasts of fire.
Your fiery red scales are hard. (AC +7)
You cannot fit into any form of body armour.
Your flesh is heat resistant. (rF+)
You are cold-blooded and may be slowed by cold attacks.
You have sharp fingernails.
You have large cloven feet.
You are highly strong-willed. (Will++)


Message History

The cane toad barely misses you.
You barely miss the cane toad. You kick the cane toad.
You kill the cane toad!
You feel very sick.
Your Spellcasting skill increases to level 3!
A hydra and a cane toad come into view.
You feel very sick.
The four-headed hydra roars!
The cane toad croaks.
You see here 6 gold pieces.
You feel a strong urge to attack something.
You feel very sick.
You are no longer berserk.
You are exhausted.
You feel yourself slow down.
You feel sick.
Okay, then.
As you read the scroll labelled SURIOH SUETZI, it crumbles to dust.
Magic quickly surges around you.
It was a scroll of vulnerability.
You feel very sick.
As you read the scroll labelled OMUSIYFOMINO, it crumbles to dust.
You speak a Word of immense power!
It was a scroll of holy word.
You feel sick.
As you read the scroll labelled IFU WUETORPHUE, it crumbles to dust.
You feel aware of your surroundings.
You sensed 1 shop/portal.
It was a scroll of magic mapping.
You feel sick.
Okay, then.
Okay, then.
That's the wrong kind of item! (Use * to select it.) Evoke which item? (* to show all) (? for menu, Esc to quit)
Aiming: Corrosive Bolt
Press: ? - help, Shift-Dir - straight line, f - cane toad
Aim: a cane toad (weak-willed, 77% to hit)
The bolt of acid hits the cane toad!
The acid corrodes the cane toad!
The cane toad is heavily wounded.
The bolt of acid hits the four-headed hydra!!
The four-headed hydra is moderately wounded.
The bolt of acid hits the plant!
The acid corrodes the plant!
The plant begins to die.
The plant is lightly damaged.
The now-empty wand crumbles to dust.
You feel sick. The cane toad stings you!!
You die...
Your body crumbles into a pile of gold.

*,,,,,,,,,,,,,,,,***,,,,*
*...............,**,,,**,
*#...............,,,,,***
*.................*,,,*
*#...............#**,,*
*......?.........#**,,*
*..........|...!.#*,,,**
**................#,,,,,*
*,#......@........#**,,,*
**#......F.........,,,,**
#......D)$.......,,,,*
*#..#...P.........**,,* *
*....#...........#*,,,***
*#!.##...........#**,,,,,
*#..*#..##[......# *,,,,,
*..,....*#.......#**,,,,,
**,..#..*.........**,,,**


You could see a four-headed hydra (weak-willed) and a cane toad (weak-willed,
corroded).

Vanquished Creatures
  Erica (D:8)
  2 two-headed ogres
  2 cane toads
  A black mamba (Lair:1)
  Maggie (Lair:1)
  2 komodo dragons (Lair:1)
  A troll (D:8)
  A basilisk (Lair:1)
  21 yaks
  Grum (D:10)
  Menkaure (D:6)
  A steam dragon (D:6)
  4 water moccasins
  Duvessa (D:7)
  A black bear (Lair:1)
  3 orc warriors
  A sky beast (D:8)
  4 wolves (D:10)
  3 ogres
  2 phantoms (D:5)
  A centaur (D:10)
  2 kobold brigands (D:8)
  3 bullfrogs
  A gnoll sergeant (D:9)
  A scorpion (D:4)
  Dowan (D:7)
  2 water moccasin skeletons
  17 killer bees
  9 wights
  2 howler monkeys
  3 centaur zombies
  A hound (D:2)
  A jelly (D:5)
  A centaur skeleton (D:6)
  12 orc priests
  An iron imp (D:10)
  An iguana (D:6)
  7 orc wizards
  A scorpion zombie (D:5)
  2 adders
  10 gnolls
  A howler monkey skeleton (D:6)
  A white imp (D:5)
  An ufetubus (D:5)
  6 worms (D:3)
  4 dart slugs
  45 orcs
  A bat (D:1)
  8 endoplasms
  3 giant cockroaches
  4 goblins (D:1)
  6 hobgoblins
  4 jackals (D:4)
  17 kobolds
  4 quokkas
  2 ball pythons
  2 frilled lizards
  5 rats
  A fulminant prism (D:8)
248 creatures vanquished.

Vanquished Creatures (others)
  75 fulminant prisms
  4 fungi (D:8)
  7 plants (D:8)
86 creatures vanquished.

Grand Total: 334 creatures vanquished

Notes
Turn   | Place    | Note
-------+----------+-------------------------------------------
     0 | D:1      | bearlyready the Draconian Conjurer began the quest for the
                  | Orb.
     0 | D:1      | Reached XP level 1. HP: 14/14 MP: 3/3
   480 | D:1      | Reached XP level 2. HP: 15/20 MP: 1/5
  1236 | D:1      | Reached skill level 5 in Conjurations
  1236 | D:1      | Reached XP level 3. HP: 25/26 MP: 6/6
  1239 | D:1      | Learned a level 2 spell: Searing Ray
  1984 | D:2      | Reached XP level 4. HP: 21/33 MP: 0/7
  2349 | D:2      | Found a shimmering altar of Xom.
  2389 | D:2      | Reached skill level 6 in Conjurations
  3424 | D:3      | Reached XP level 5. HP: 38/38 MP: 8/8
  3953 | D:3      | Found a shimmering altar of Xom.
  3970 | D:3      | Reached skill level 7 in Conjurations
  4286 | D:4      | Reached XP level 6. HP: 45/45 MP: 4/9
  4911 | D:4      | Reached skill level 8 in Conjurations
  4931 | D:4      | Learned a level 4 spell: Fulminant Prism
  5083 | D:4      | Your scales start taking on a fiery red colour.
  5083 | D:4      | Reached XP level 7. HP: 43/50 MP: 0/10
  5083 | D:4      | Gained mutation: Your flesh is heat resistant. (rF+) [Red
                  | Draconian growth]
  5195 | D:4      | Found a large runed translucent door.
  5195 | D:4      | Found a large runed translucent door.
  5634 | D:4      | Found an opulent altar of Gozag.
  5639 | D:4      | Reached skill level 1 in Hexes
  5640 | D:4      | Became a worshipper of Gozag Ym Sagoz the Greedy
  5645 | D:4      | Found an iron altar of Okawaru.
  5723 | D:5      | Entered Level 5 of the Dungeon
  6082 | D:5      | Reached skill level 9 in Conjurations
  6634 | D:5      | Reached XP level 8. HP: 37/57 MP: 2/11
  7416 | D:6      | Found a white marble altar of Elyvilon.
  7497 | D:6      | Found a hide-covered altar of Uskayaw.
  7504 | D:6      | Identified the +6 mace of Hepliaklqana {vorpal, Dex+4}
  7666 | D:6      | Found a staircase to the Ecumenical Temple.
  7915 | D:6      | Noticed Menkaure
  7926 | D:6      | Killed Menkaure
  7927 | D:6      | Reached skill level 10 in Conjurations
  8054 | D:6      | Found a radiant altar of Vehumet.
  8423 | D:7      | Noticed Duvessa
  8426 | D:7      | Noticed Dowan
  8679 | D:7      | HP: 2/57 [killer bee (2)]
  8952 | D:7      | Reached skill level 5 in Hexes
  9333 | D:7      | Killed Duvessa
  9408 | D:7      | Killed Dowan
  9409 | D:7      | Reached XP level 9. HP: 58/62 MP: 3/12
  9651 | D:7      | Found a glowing silver altar of Zin.
 10042 | D:8      | Reached skill level 11 in Conjurations
 10225 | D:8      | Found a staircase to the Lair.
 10234 | D:8      | Noticed a two-headed ogre
 10244 | D:8      | Killed a two-headed ogre
 11629 | Lair:1   | Entered Level 1 of the Lair of Beasts
 11642 | D:9      | Noticed a troll
 11643 | D:9      | Noticed Erica
 11646 | D:9      | Gained mutation: You have large cloven feet. [potion of
                  | mutation]
 11646 | D:9      | Gained mutation: You are strong-willed. (Will+) [potion of
                  | mutation]
 11646 | D:9      | Gained mutation: You are highly strong-willed. (Will++)
                  | [potion of mutation]
 11646 | D:9      | Gained mutation: You have sharp fingernails. [potion of
                  | mutation]
 11655 | D:9      | Found Zugudghau's Weapon Boutique.
 12021 | D:9      | Identified the ring "Qafi Baq" {rF+ rC++ Dex+3 SInv}
 12044 | D:8      | Killed a troll
 12045 | D:8      | Reached skill level 1 in Evocations
 12457 | D:9      | Reached XP level 10. HP: 80/80 MP: 4/13
 12554 | D:8      | Killed Erica
 12555 | D:8      | Reached skill level 5 in Fighting
 12555 | D:8      | Reached skill level 12 in Conjurations
 13536 | D:9      | Found a broken altar of Ashenzari.
 13668 | D:9      | Found a sacrificial altar of Ru.
 13881 | D:10     | Entered Level 10 of the Dungeon
 14073 | D:10     | Reached skill level 13 in Conjurations
 14249 | D:10     | Found a burning altar of Makhleb.
 14249 | D:10     | Found a shadowy altar of Dithmenos.
 14438 | D:10     | Noticed Grum
 15129 | D:10     | Reached XP level 11. HP: 67/89 MP: 8/14
 15274 | D:10     | Killed Grum
 15275 | D:10     | Reached skill level 14 in Conjurations
 15318 | D:10     | Found a glowing golden altar of the Shining One.
 15481 | D:10     | Noticed a two-headed ogre
 15529 | D:10     | Killed a two-headed ogre
 15854 | D:10     | Found a snail-covered altar of Cheibriados.
 16251 | D:11     | Noticed a boulder beetle
 16338 | D:12     | Noticed a boulder beetle
 16840 | Lair:1   | Reached skill level 15 in Conjurations
 17650 | Lair:1   | Noticed Maggie
 17669 | Lair:1   | Killed Maggie
 18238 | Lair:3   | Noticed a four-headed hydra
 18244 | Lair:3   | Mangled by a cane toad

Illustrated notes

Levels and vault maps discovered:
D:1:      lightli_arrival_isolated_outpost, layout_loops_corners,
          hangedman_abyss_or_decor_lesser_grid, minmay_small_reverse_x
D:2:      layout_basic, basic_altar
D:3:      layout_basic, tgw_xom, nicolae_wormholes
D:4:      layout_gridville, jmf_multi_god_temple2, minmay_misc_feat_cross,
          st_stairs_2
D:5:      layout_basic, kennysheep_donut
D:6:      layout_basic, eat_drink_and_be_merry_uskayaw,
          mainiacjoe_overflow_chevrons, kennysheep_little_box,
          minmay_temple_entry_wispy, uniq_menkaure
D:7:      layout_loops_ring, zin_statuary, minmay_misc_feat_diagonals,
          uniq_duvessa
D:8:      layout_gridville, dpeg_oklobed_lair
D:9:      layout_basic, mainiacjoe_overflow_small_starburst,
          mainiacjoe_overflow_boulevard, serial_shops, shop_statue, uniq_erica
D:10:     layout_stronghold, nicolae_overflow_hidden_temple, chei_slow_surprise,
          gammafunk_temple_overflow_elements, uniq_grum
D:11:     layout_roguey, ebering_ghost_reflecting_pool, minmay_joined_circles
D:12:     layout_basic, erik_orc_4, nicolae_trove_entry_diagonal,
          serial_aquarium, aquarium_bridge_square [aquarium_subvault_balcony,
          aquarium_subvault_bridge, aquarium_subvault_bridge,
          aquarium_subvault_window], aquarium_bridge_straight
          [aquarium_subvault_bridge, aquarium_subvault_wall,
          aquarium_subvault_bridge, aquarium_subvault_balcony],
          aquarium_window_fake, aquarium_window_fake, aquarium_window_2,
          aquarium_view_2e, aquarium_view_2d, hangedman_incinerator
Lair:1:   layout_gridlike, st_stairs_12, uniq_maggie
Lair:2:   lemuel_ratsnest, layout_chaotic_city, elwin_shoals_entry_stream,
          minmay_hedge_maze, evilmike_ambush [evilmike_ambush_outer_basic,
          evilmike_ambush_inner_basic], uniq_fannar
Lair:3:   layout_long_grid, spider_nest_entry_funnel_web,
          nicolae_volcano_entry_two_sided

Skill      XL: |  1  2  3  4  5  6  7  8  9 10 11 |
---------------+----------------------------------+-----
Conjurations   | 5 6 7 8 9 10 11 13 15 | 15.0
Hexes          | 3 5 7 |  7.0
Fighting       | 4 6 |  6.6
Evocations     | 2 4 |  4.0
Dodging        | 2 |  2.8
Spellcasting   | 3 |  3.0
Stealth        | |  1.7
Shields        | |  0.6

Action                   |  1- 3 |  4- 6 |  7- 9 | 10-12 || total
-------------------------+-------+-------+-------+-------++-------
Melee: Dagger            |   104 |   109 |       |       ||   213
       Unarmed           |     8 |       |       |       ||     8
       Tailslap          |    11 |    22 |    13 |    18 ||    64
       Whip              |       |   134 |   267 |   144 ||   545
       Kick              |       |       |       |    34 ||    34
Throw: Dart              |       |     9 |     6 |     3 ||    18
       Boomerang         |       |       |     3 |       ||     3
       Throwing net      |       |       |       |     2 ||     2
 Cast: Magic Dart        |    22 |     1 |     1 |       ||    24
       Searing Ray       |     3 |    17 |    33 |    18 ||    71
       Fulminant Prism   |       |       |    37 |    39 ||    76
Invok: Potion Petition   |       |       |       |     1 ||     1
 Abil: Breathe Fire      |       |       |    16 |    11 ||    27
Evoke: Wand              |       |       |       |     7 ||     7
  Use: Scroll            |       |       |    15 |     6 ||    21
       Potion            |       |       |     6 |       ||     6
 Stab: Sleeping          |     3 |     2 |     2 |       ||     7
       Distracted        |       |       |     1 |     2 ||     3
Armor: Skin              |    46 |    95 |   125 |    60 ||   326
Dodge: Dodged            |    78 |   169 |   253 |   119 ||   619
Block: Kite shield       |       |       |       |     4 ||     4

Table legend: (Time is in decaauts)
 A = Elapsed time spent in this place.
 B = Non-inter-level travel time spent in this place.
 C = Inter-level travel time spent in this place.
 D = Time resting spent in this place.
 E = Time spent auto-exploring this place.
 F = Levels seen in this place.
 G = Mean time per level.
                   A        B        C        D        E       F      G
               +--------+--------+--------+--------+--------+-----+--------+
         Total |  18338 |  17368 |    970 |   2287 |  11991 |  15 | 1222.5 |
       Dungeon |  16540 |  15614 |    926 |   2287 |  10453 |  12 | 1378.3 |
          Lair |   1797 |   1753 |     44 |      0 |   1538 |   3 |  599.0 |
               +--------+--------+--------+--------+--------+-----+--------+

Top non-repeatable levels by time:
     D:8: 2442 daAuts
     D:9: 2151 daAuts
     D:1: 2099 daAuts
  Lair:1: 1772 daAuts
    D:10: 1683 daAuts
     D:5: 1632 daAuts
     D:4: 1599 daAuts
     D:7: 1388 daAuts
     D:6: 1204 daAuts
     D:3: 1150 daAuts
     D:2: 975 daAuts
    D:11: 152 daAuts
    D:12: 60 daAuts
  Lair:3: 14 daAuts
  Lair:2: 11 daAuts
